 Dungeon Crawl Stone Soup version 0.28-a0-895-g6e5f11bd55 (webtiles) character file.

Game seed: 85614552557391508

793 mcbry74 the Destroyer (level 7, 0/54 HPs)
             Began as a Deep Elf Conjurer on Nov 22, 2021.
             Was an Initiate of Vehumet.
             Succumbed to a killer bee's poison
             ... on level 5 of the Dungeon.
             The game lasted 00:22:20 (5083 turns).

mcbry74 the Destroyer (Deep Elf Conjurer)           Turns: 5083, Time: 00:22:21

Health: 0/54       AC: 23    Str:  4    XL:     7   Next: 57%
Magic:  13/13      EV:  2    Int: 31    God:    Vehumet [......]
Gold:   207        SH:  5    Dex: 13    Spells: 3/12 levels left

rFire   . . .      SeeInvis .   c - +2 dagger (freeze)
rCold   . . .      Faith    .   (no shield)
rNeg    . . .      Spirit   .   (armour currently unavailable)
rPois   +          Reflect  +   (helmet currently unavailable)
rElec   .          Harm     .   (cloak currently unavailable)
rCorr   .          Rampage  .   (gloves currently unavailable)
Will    .....      NoTele   +   (boots currently unavailable)
Stlth   ++........              v - amulet of reflection
HPRegen 0.18/turn               h - ring of poison resistance
MPRegen 0.13/turn               t - +6 ring of intelligence

@: lethally poisoned (0 -> -7), tree-form (expiring), attractive, invisible
A: stationary, stasis, torment immunity, boosted hp
a: Renounce Religion


You were on level 5 of the Dungeon.
You worshipped Vehumet.
Vehumet was noncommittal.
You were a tree.
You visited 2 branches of the dungeon, and saw 6 of its levels.

You collected 207 gold pieces.

Inventory:

Hand Weapons
 c - a +2 dagger of freezing (weapon)
 n - a +0 mace of holy wrath
Missiles
 l - 54 poisoned darts
Armour
 a - a +0 robe (melded)
 f - a +1 helmet (melded)
 g - a +0 pair of gloves (melded)
Jewellery
 h - a ring of poison resistance (left branch)
 o - a ring of fire
 t - a +6 ring of intelligence (right branch)
 v - an amulet of reflection (around neck)
Wands
 k - a wand of iceblast (14)
Scrolls
 j - 2 scrolls of teleportation
 w - a scroll of fog
Potions
 b - 2 potions of curing
 i - a potion of attraction
 m - a potion of brilliance {unknown}
 p - a potion of heal wounds {unknown}
 u - a potion of flight {unknown}


   Skills:
 - Level 2.4 Dodging
 - Level 2.4 Stealth
 - Level 3.0 Spellcasting
 * Level 8.7 Conjurations
 + Level 4.6 Hexes
 + Level 3.5 Earth Magic


You had 3 spell levels left.
You knew the following spells:

 Your Spells              Type           Power      Damage    Failure   Level
a - Magic Dart            Conj           100%       1d8       1%          1
b - Searing Ray           Conj           100%       2d8       1%          2
c - Dazzling Flash        Conj/Hex       92%        N/A       1%          3
d - Stone Arrow           Conj/Erth      84%        3d12      1%          3

Your spell library contained the following spells:

 Spells                   Type           Power      Damage    Failure   Level
 Sandblast                Erth           52%        2d12      1%          1
 Slow                     Hex            100%       N/A       1%          1
 Confusing Touch          Hex            33%        N/A       3%          3
 Passwall                 Tmut/Erth      12%        N/A       4%          2
 Portal Projectile        Hex/Tloc       38%        N/A       8%          3
 Call Canine Familiar     Summ           4%         N/A       21%         3
 Gell's Gravitas          Tloc           4%         N/A       21%         3
 Lesser Beckoning         Tloc           4%         N/A       21%         3
 Teleport Other           Tloc           4%         N/A       21%         3
 Vampiric Draining        Necr           4%         2d6       21%         3
 Fulminant Prism          Conj/Hex       23%        3d13      4%          4
 Iskenderun's Mystic Bla  Conj/Tloc      31%        2d8       11%         4
 Leda's Liquefaction      Hex/Erth       14%        N/A       12%         4


Dungeon Overview and Level Annotations

Branches:
Dungeon (5/15)             Temple (1/1) D:4

Altars:
Cheibriados
Fedhas
Kikubaaqudgha
Makhleb
Okawaru
Qazlal
Trog
Vehumet
Wu Jian
Xom
The Shining One

Shops:
D:4 ?!

Annotations:
D:2 1 runed translucent door, Crazy Yiuf
D:5 Grinder


Message History

The orc hits you but does no damage.
You feel better.
The killer bee stings you but does no damage. x4
The orc hits you but does no damage.
You completely miss the killer bee.
The killer bee is lightly wounded.
The killer bee stings you but does no damage.
The killer bee stings you.
* * * LOW HITPOINT WARNING * * *
You are poisoned.
The killer bee poisons you! The killer bee barely misses you.
The killer bee stings you.
* * * LOW HITPOINT WARNING * * *
You block the orc's attack.
It was a potion of attraction.
You feel attractive to monsters.
* * * LOW HITPOINT WARNING * * *
You feel sick.
The killer bee stings you but does no damage.
You block the killer bee's attack. The orc hits you but does no damage.
The killer bee stings you.
* * * LOW HITPOINT WARNING * * *
You are more poisoned.
The killer bee poisons you! You block the killer bee's attack.
It was a potion of invisibility.
You fade into invisibility!
* * * LOW HITPOINT WARNING * * *
You feel very sick. You block the killer bee's attack.
The killer bee stings you but does no damage.
You hear some strange, mumbled words.
A puff of flame appears from out of thin air!
The puff of flame hits the killer bee!
The killer bee stings you but does no damage.
You block the orc's attack.
The killer bee stings you but does no damage.
You miss the killer bee.
The killer bee is severely wounded.
Your transformation is almost over.
You die...

#...###.##......#..
#.......##.........
#.......##.........
....................#
..####...............#
...##............. #
#..###.#.##.#..##.. [..
##. #.#......####.....
#. #♣y.#..†.....#
.....ooy####.#####......
#.$...5{# #.# .....
#........ #.# ....
.#...#### #.# ... ...##
#.# .. <## ..# . ...


You could see Grinder, 2 killer bees and 2 orcs.

Vanquished Creatures
  A centaur (D:5)
  2 phantoms (D:4)
  A scorpion (D:5)
  A killer bee (D:5)
  A hound (D:5)
  2 iguanas
  Ijyb (D:4)
  Terence (D:2)
  2 orc wizards (D:4)
  Natasha (thrice) (D:2)
  7 adders
  4 gnolls (D:4)
  A howler monkey skeleton (D:4)
  An ufetubus (D:4)
  A worm (D:3)
  2 dart slugs (D:2)
  5 orcs (D:4)
  8 ball pythons
  7 endoplasms
  3 giant cockroaches
  2 goblins
  8 hobgoblins
  4 jackals (D:2)
  8 kobolds
  3 quokkas
  3 bats
  2 frilled lizards
  7 rats
91 creatures vanquished.

Notes
Turn   | Place    | Note
-------+----------+-------------------------------------------
     0 | D:1      | mcbry74 the Deep Elf Conjurer began the quest for the Orb.
     0 | D:1      | Reached XP level 1. HP: 10/10 MP: 6/6
   226 | D:1      | Reached XP level 2. HP: 15/15 MP: 4/8
   348 | D:1      | Reached skill level 5 in Conjurations
   624 | D:1      | Found a faded altar of an unknown god.
   888 | D:2      | Reached XP level 3. HP: 19/19 MP: 7/9
  1002 | D:2      | Reached skill level 6 in Conjurations
  1027 | D:2      | Learned a level 2 spell: Searing Ray
  1031 | D:2      | Learned a level 3 spell: Dazzling Flash
  1260 | D:2      | Noticed Terence
  1266 | D:2      | Killed Terence
  1267 | D:2      | Reached XP level 4. HP: 24/24 MP: 4/10
  1339 | D:2      | Noticed Natasha
  1342 | D:2      | Killed Natasha
  1690 | D:2      | Noticed Natasha
  1693 | D:2      | Killed Natasha
  1694 | D:2      | Reached skill level 7 in Conjurations
  1694 | D:2      | Reached XP level 5. HP: 28/28 MP: 6/11
  1743 | D:2      | Noticed Natasha
  1755 | D:2      | Killed Natasha
  2101 | D:2      | Found a runed translucent door.
  2102 | D:2      | Noticed Crazy Yiuf
  2626 | D:3      | Reached skill level 1 in Hexes
  3304 | D:4      | Learned a level 3 spell: Stone Arrow
  3472 | D:4      | Noticed a phantom
  3487 | D:4      | Killed a phantom
  3488 | D:4      | Reached skill level 1 in Earth Magic
  3488 | D:4      | Reached XP level 6. HP: 29/32 MP: 3/12
  3646 | D:4      | Found a staircase to the Ecumenical Temple.
  3653 | Temple   | Entered the Ecumenical Temple
  3711 | Temple   | Became a worshipper of Vehumet
  4131 | D:4      | Noticed Ijyb
  4133 | D:4      | Killed Ijyb
  4189 | D:4      | Found Muxap's Magic Scroll Shop.
  4251 | D:4      | Found Jobrus's Distillery.
  4418 | D:4      | Reached skill level 8 in Conjurations
  4679 | D:4      | Reached XP level 7. HP: 36/36 MP: 7/13
  4803 | D:5      | Entered Level 5 of the Dungeon
  5060 | D:5      | Noticed Grinder
  5082 | D:5      | HP: 2/54 [poisoned by a killer bee]
  5083 | D:5      | Succumbed to a killer bee's poison

Illustrated notes

Levels and vault maps discovered:
D:1:      lightli_arrival_statue_moat, layout_rooms,
          ebering_ecumenical_altar_sacrificial, minmay_3d_cube
D:2:      layout_rooms, minmay_tetromino_o2, uniq_crazy_yiuf_cottage,
          uniq_terence, uniq_natasha
D:3:      layout_basic
D:4:      layout_basic, minmay_temple_entry_wispy, serial_shops,
          kennysheep_mini_moat, nicolae_lakefront_shop, chequers_mini_garden,
          grunt_decor_fettered, uniq_ijyb
D:5:      layout_rooms, serial_bayou_pond_c, uniq_grinder, uniq_sigmund
Temple:   mainiacjoe_temple_archimedes_tessellation

Skill      XL: |  1  2  3  4  5  6  7 |
---------------+----------------------+-----
Conjurations   | 5 6 7 8 |  8.7
Hexes          | 2 3 4 |  4.6
Earth Magic    | 1 2 3 |  3.5
Dodging        | |  2.4
Stealth        | |  2.4
Spellcasting   | |  3.0

Action                   |  1- 3 |  4- 6 |  7- 9 || total
-------------------------+-------+-------+-------++-------
Melee: Dagger            |    17 |     8 |    22 ||    47
 Cast: Magic Dart        |    56 |    75 |    12 ||   143
       Searing Ray       |     1 |    13 |     4 ||    18
       Stone Arrow       |       |     6 |     1 ||     7
  Use: Scroll            |       |     8 |       ||     8
       Potion            |       |       |     4 ||     4
Armor: Robe              |    11 |     8 |       ||    19
       Skin              |       |       |    63 ||    63
Dodge: Dodged            |    16 |    19 |     9 ||    44
Block: Other             |       |       |    26 ||    26

Table legend: (Time is in decaauts)
 A = Elapsed time spent in this place.
 B = Non-inter-level travel time spent in this place.
 C = Inter-level travel time spent in this place.
 D = Time resting spent in this place.
 E = Time spent auto-exploring this place.
 F = Levels seen in this place.
 G = Mean time per level.
                   A        B        C        D        E       F      G
               +--------+--------+--------+--------+--------+-----+--------+
         Total |   5080 |   4875 |    205 |   1650 |   2611 |   6 |  846.7 |
       Dungeon |   4946 |   4804 |    142 |   1650 |   2553 |   5 |  989.2 |
        Temple |    134 |     71 |     63 |      0 |     58 |   1 |  134.0 |
               +--------+--------+--------+--------+--------+-----+--------+

Top non-repeatable levels by time:
     D:2: 1578 daAuts
     D:4: 1385 daAuts
     D:3: 882 daAuts
     D:1: 820 daAuts
     D:5: 279 daAuts
  Temple: 134 daAuts
